 Dungeon Crawl Stone Soup version 0.32-a0-933-ga8fa3634e4 (webtiles) character file.

Game seed: 3016765321198669884

2951 funkygono the Thaumaturge (level 9, -2/29 (47) HPs)
             Began as a Deep Elf Fire Elementalist on Apr 14, 2024.
             Was a Follower of Vehumet.
             Hit by a large rock thrown by a cyclops (31 damage)
             ... on level 8 of the Dungeon.
             The game lasted 00:15:57 (6742 turns).

funkygono the Thaumaturge (DEFE)                    Turns: 6742, Time: 00:15:58

HP:   -2/29 (47)    AC: 14    Str:  5    XL:     9   Next: 51%
MP:   35/35         EV: 12    Int: 27    God:    Vehumet [*.....]
Gold: 404           SH:  0    Dex: 18    Spells: 12/31 levels left

rFire   + . .        m - +2 dagger (elec)
rCold   . . .        (no shield)
rNeg    + . .        B - +0 steam dragon scales
rPois   .            a - +1 helmet of the Carpenter {Rampage rN+}
rElec   .            E - +2 cloak
rCorr   .            (no gloves)
SInv    .            (no boots)
Will    .....        n - amulet of magic regeneration
Stlth   ++           k - +4 ring of protection
HPRegen 0.24/turn    x - ring "Gith" {rF+ MP+9 Int+2 Dex+3}
MPRegen 0.64/turn

%: rampage
@: very heavily drained
A: no striking features
a: Renounce Religion


You were on level 8 of the Dungeon.
You worshipped Vehumet.
Vehumet was aware of your devotion.
You visited 1 branch of the dungeon, and saw 8 of its levels.

You collected 404 gold pieces.

Inventory:

Hand Weapons
 d - a +0 dagger
 i - a +2 quarterstaff of chaos
 m - a +2 dagger of electrocution (weapon)
Armour
 a - the +1 helmet of the Carpenter (worn) {Rampage rN+}
   (You acquired it on level 7 of the Dungeon)

   rN+:       It protects you from negative energy.
   Rampage:   It bestows one free step when moving towards enemies.
 A - a scarf of resistance
 B - +0 steam dragon scales (worn)
 E - a +2 cloak (worn)
Jewellery
 k - a +4 ring of protection (left hand)
 n - an amulet of magic regeneration (around neck)
 p - a +6 ring of strength
 x - the ring "Gith" (right hand) {rF+ MP+9 Int+2 Dex+3}
   (You found it on level 5 of the Dungeon)

   [ring of magical power]

   Int+2:     It affects your intelligence (+2).
   Dex+3:     It affects your dexterity (+3).
   rF+:       It protects you from fire.
   MP+9:      It affects your magic capacity (+9).
Wands
 u - a wand of quicksilver (15)
Scrolls
 e - a scroll of immolation
 o - a scroll of blinking
 t - a scroll of fear
 y - a scroll of revelation
Potions
 b - 2 potions of magic
 h - 2 potions of heal wounds
 j - 2 potions of might
 l - a potion of attraction
 r - 2 potions of haste
 s - 2 potions of lignification
 v - a potion of berserk rage


   Skills:
 + Level 1.1 Fighting
 + Level 3.1 Dodging
 - Level 2.4 Stealth
 + Level 11.8 Spellcasting
 + Level 6.1 Conjurations
 + Level 0.5 Necromancy
 + Level 8.3 Fire Magic
 + Level 2.5 Earth Magic
 * Level 1.9 Alchemy


You had 12 spell levels left.
You knew the following spells:

 Your Spells              Type           Power      Damage    Failure   Level
a - Foxfire               Conj/Fire      100%       2x1d9     1%          1
b - Scorch                Fire           100%       2d9       1%          2
c - Flame Wave            Conj/Fire      53%        2d13      1%          4
d - Kiss of Death         Conj/Necr      100%       2d13      1%          1
e - Stone Arrow           Conj/Erth      78%        3d11      1%          3
f - Olgreb's Toxic Radia  Alch           26%        N/A       16%         4
g - Ignite Poison         Fire/Alch      43%        N/A       4%          4

Your spell library contained the following spells:

 Spells                   Type           Power      Damage    Failure   Level
 Freeze                   Ice            60%        1d7       3%          1
 Sandblast                Erth           58%        2d13      1%          1
 Sting                    Conj/Alch      100%       1d9       1%          1
 Inner Flame              Hex/Fire       38%        N/A       1%          3
 Volatile Blastmotes      Fire/Tloc      76%        2d16      1%          3
 Mercury Vapours          Alch/Air       42%        N/A       3%          2
 Sticky Flame             Fire/Alch      43%        2d8       4%          4
 Brom's Barrelling Bould  Conj/Erth      39%        2d6       6%          4
 Confusing Touch          Hex            15%        N/A       11%         3
 Dispel Undead            Necr           18%        3d11      28%         4
 Ignition                 Fire           28%        3d9       100%        8


Dungeon Overview and Level Annotations

Branches:
Dungeon (8/15)             Temple (0/1) D:6
   Lair: D:8-11

Altars:
Dithmenos
Fedhas
Makhleb
Okawaru
Ru
Sif Muna
Uskayaw
Vehumet
Xom
Zin

Shops:
D:3 =   D:8 =


Message History

You kill the orc warrior!
Vehumet accepts your kill.
You feel your power returning.
Things that are here:
a +0 short sword; a +0 chain mail; an orc corpse A cyclops comes into view.
Casting: Stone Arrow (safe; 1% risk of failure)
Confirm with . or Enter, or press ? or * to list all spells.
You conjure some foxfire!
Casting: Foxfire (safe; 1% risk of failure)
Confirm with . or Enter, or press ? or * to list all spells.
You conjure some foxfire!
Unknown command.
The foxfire hits the cyclops.
The cyclops is lightly wounded.
The cyclops shouts!
Your foxfire dissipates!
The cyclops throws a large rock.
The large rock hits you!!
Ouch! That really hurt!
* * * LOW HITPOINT WARNING * * *
Casting: Foxfire (safe; 1% risk of failure)
Confirm with . or Enter, or press ? or * to list all spells.
You conjure some foxfire!
Casting: Foxfire (safe; 1% risk of failure)
Confirm with . or Enter, or press ? or * to list all spells.
You conjure some foxfire!
Your foxfire dissipates!
Your foxfire dissipates! x3
There is a stone staircase leading up here.
You climb upwards.
There is a stone staircase leading down here.
HP restored.
Done exploring.
You climb downwards.
There is a stone staircase leading up here.
You climb upwards.
There is a stone staircase leading down here.
You climb downwards.
The cyclops throws a large rock.
The large rock hits you!!
Ouch! That really hurt!
You die...

#....+...+.........#..## v.
##.#.#...#.).......#.## #
##.#.......).#§.....##
#..#.......[.§§....##. #.
##.#.######.###.#..#W.⌠ #..
#........#.........##... #..#
####.#..........#C..##..###..##
#.#####........#..##.....##.
#.# #.##.@.......###.###.. #.#
#.##.................# #.#
...#......[......#..o. #.#
....#.........#.#...### #.#
.....#.......[.....#....
......#...#.........#...#
#####.##..........)#.#...#
#.##.#.......).)......
#.....≈≈≈≈≈≈≈≈≈..#..


You could see a cyclops.

Vanquished Creatures
  3 steam dragons
  A water moccasin (D:8)
  Duvessa (D:7)
  3 ice beasts
  3 black bears (D:6)
  2 orc warriors
  A sky beast (D:6)
  An ogre (D:6)
  A centaur (D:6)
  A kobold brigand (D:7)
  2 bullfrogs
  2 scorpions (D:5)
  8 wights
  Dowan (D:7)
  A jelly (D:5)
  A gnoll bouda (D:6)
  3 hounds
  2 orc priests
  Crazy Yiuf (D:7)
  3 iguanas (D:5)
  3 orc wizards
  4 gnolls (D:6)
  4 adders
  3 shadow imps
  2 white imps
  4 dart slugs
  3 ribbon worms
  18 orcs
  15 bats
  6 endoplasms
  A giant cockroach (D:2)
  6 hobgoblins
  3 jackals (D:4)
  10 kobolds
  5 quokkas
  5 ball pythons
  3 frilled lizards
  8 goblins
  6 rats
150 creatures vanquished.

Vanquished Creatures (collateral kills)
  A foxfire (D:8)
1 creature vanquished.

Vanquished Creatures (others)
  410 foxfires
410 creatures vanquished.

Grand Total: 561 creatures vanquished

Notes
Turn   | Place    | Note
-------+----------+-------------------------------------------
     0 | D:1      | funkygono the Deep Elf Fire Elementalist began the quest
                  | for the Orb.
     0 | D:1      | Reached XP level 1. HP: 10/10 MP: 6/6
   307 | D:1      | Reached XP level 2. HP: 15/15 MP: 5/8
   310 | D:1      | Learned a level 2 spell: Scorch
  1258 | D:2      | Reached XP level 3. HP: 19/19 MP: 3/10
  1672 | D:2      | Reached skill level 4 in Spellcasting
  2327 | D:3      | Reached XP level 4. HP: 24/24 MP: 10/12
  2430 | D:3      | Found Bihikicw's Jewellery Shop.
  2558 | D:4      | Learned a level 4 spell: Flame Wave
  2705 | D:4      | Reached skill level 5 in Spellcasting
  3003 | D:5      | Entered Level 5 of the Dungeon
  3015 | D:5      | Noticed a scorpion
  3019 | D:5      | Killed a scorpion
  3020 | D:5      | Reached XP level 5. HP: 27/28 MP: 9/15
  3050 | D:5      | Reached skill level 6 in Spellcasting
  3062 | D:5      | Learned a level 1 spell: Kiss of Death
  3081 | D:5      | Noticed an ice beast
  3085 | D:5      | Killed an ice beast
  3086 | D:5      | Reached skill level 5 in Fire Magic
  3086 | D:5      | Reached XP level 6. HP: 32/32 MP: 12/17
  3375 | D:5      | Reached skill level 7 in Spellcasting
  3486 | D:5      | Identified the ring "Gith" {rF+ MP+9 Int+2 Dex+3}
  3587 | D:5      | Found a burning altar of Makhleb.
  3873 | D:5      | Reached XP level 7. HP: 34/36 MP: 20/20
  3888 | D:5      | Found an iron altar of Okawaru.
  3893 | D:5      | Found a radiant altar of Vehumet.
  3897 | D:5      | Became a worshipper of Vehumet
  3903 | D:5      | Found a sacrificial altar of Ru.
  3909 | D:5      | Found a hide-covered altar of Uskayaw.
  3916 | D:5      | Found a glowing silver altar of Zin.
  3922 | D:5      | Found a shimmering altar of Xom.
  3933 | D:5      | Found a shadowy altar of Dithmenos.
  4145 | D:6      | Reached skill level 8 in Spellcasting
  4338 | D:6      | Reached XP level 8. HP: 41/41 MP: 22/22
  4342 | D:6      | Reached skill level 9 in Spellcasting
  4434 | D:6      | Found a staircase to the Ecumenical Temple.
  4505 | D:6      | Learned a level 3 spell: Stone Arrow
  4541 | D:6      | Reached skill level 10 in Spellcasting
  4586 | D:6      | Reached skill level 1 in Earth Magic
  4621 | D:6      | Reached skill level 1 in Fighting
  4794 | D:6      | Reached skill level 5 in Conjurations
  5084 | D:7      | Reached XP level 9. HP: 46/47 MP: 21/25
  5176 | D:7      | Noticed Duvessa
  5176 | D:7      | Noticed Dowan
  5178 | D:7      | Killed Dowan
  5183 | D:7      | Killed Duvessa
  5328 | D:7      | Found a runed translucent door.
  5329 | D:7      | Noticed Crazy Yiuf
  5396 | D:7      | Reached * piety under Vehumet
  5396 | D:7      | Offered knowledge of Freeze by Vehumet.
  5588 | D:7      | Reached skill level 11 in Spellcasting
  5677 | D:7      | Found a blossoming altar of Fedhas.
  6060 | D:7      | Killed Crazy Yiuf
  6089 | D:7      | Identified a scroll of acquirement
  6096 | D:7      | Acquired the +1 helmet of the Carpenter {Rampage rN+}
  6335 | D:8      | Learned a level 4 spell: Olgreb's Toxic Radiance
  6340 | D:8      | Learned a level 4 spell: Ignite Poison
  6343 | D:8      | Found Bude's Jewellery Boutique.
  6477 | D:8      | Found a shimmering blue altar of Sif Muna.
  6493 | D:8      | Reached skill level 1 in Alchemy
  6611 | D:8      | Noticed a cyclops
  6623 | D:8      | HP: 1/29 [cyclops/large rock (28)]
  6742 | D:8      | Hit by a large rock thrown by a cyclops

Illustrated notes

Levels and vault maps discovered:
D:1:      minmay_arrival_diagonal_passages, layout_rooms
D:2:      minmay_general_purpose_star, layout_loops_ring, fountainhead
D:3:      minmay_octagon_keep, layout_loops_cross, serial_shops, shop,
          minmay_misc_feat_enclosed, roderic_batcave
D:4:      layout_rooms
D:5:      layout_basic, makhleb_heckhound_becter, grunt_temple_overflow_octagram
D:6:      layout_loops_ring, minmay_temple_entry_hall
D:7:      layout_loops_ring, mainiacjoe_overflow_six_doors_small, serial_glass,
          glass_columns_a, glass_columns_b, grunt_ministairs_3,
          uniq_crazy_yiuf_cottage, uniq_duvessa
D:8:      minmay_the_grid_octo_2x2 [minmay_the_grid_octo_toaster,
          minmay_the_grid_octo_77, minmay_the_grid_octo_horde,
          minmay_the_grid_octo_prize_single_spiral], layout_basic,
          nicolae_elyvilon_temple_path,
          mainiacjoe_overflow_concentric_impassable, serial_shops,
          nicolae_stop_n_shop_1

Skill      XL: |  1  2  3  4  5  6  7  8  9 |
---------------+----------------------------+-----
Fire Magic     | 4 5 6 7 8 |  8.3
Spellcasting   | 4 5 6 7 8 10 11 | 11.8
Conjurations   | 2 3 4 5 6 |  6.1
Dodging        | 3 |  3.1
Earth Magic    | 1 2 |  2.5
Fighting       | 1 |  1.1
Alchemy        | 1 |  1.9
Stealth        | |  2.4
Necromancy     | |  0.5

Action                     |  1- 3 |  4- 6 |  7- 9 || total
---------------------------+-------+-------+-------++-------
  Melee: Dagger            |       |     1 |       ||     1
   Cast: Foxfire           |    78 |    68 |   102 ||   248
         Scorch            |    21 |    22 |    33 ||    76
         Kiss of Death     |       |     1 |    11 ||    12
         Stone Arrow       |       |       |    19 ||    19
         Flame Wave        |       |       |     2 ||     2
    Use: Scroll            |       |       |    18 ||    18
         Potion            |       |       |     1 ||     1
 Armour: Robe              |     3 |     6 |    10 ||    19
         Steam dragon scal |       |       |    13 ||    13
  Dodge: Dodged            |     7 |     5 |    23 ||    35

Table legend: (Time is in decaauts)
 A = Elapsed time spent in this place.
 B = Non-inter-level travel time spent in this place.
 C = Inter-level travel time spent in this place.
 D = Time resting spent in this place.
 E = Time spent auto-exploring this place.
 F = Levels seen in this place.
 G = Mean time per level.
                   A        B        C        D        E       F      G
               +--------+--------+--------+--------+--------+-----+--------+
         Total |   6739 |   6480 |    259 |    319 |   5137 |   8 |  842.4 |
       Dungeon |   6739 |   6480 |    259 |    319 |   5137 |   8 |  842.4 |
               +--------+--------+--------+--------+--------+-----+--------+

Top non-repeatable levels by time:
     D:7: 1401 daAuts
     D:5: 1101 daAuts
     D:2: 1098 daAuts
     D:6: 925 daAuts
     D:3: 761 daAuts
     D:1: 683 daAuts
     D:4: 458 daAuts
     D:8: 308 daAuts
